 Dungeon Crawl Stone Soup version 0.29.1-1-gd02db6906a (webtiles) character file.

Game seed: 4091134961749788291

42 Kniotic the Insei (level 3, 0/29 HPs)
             Began as a Demonspawn Monk on Oct 4, 2022.
             Slain by a gnoll
             ... wielding a +0 flail
              (3 damage)
             ... on level 2 of the Dungeon.
             The game lasted 00:02:24 (1962 turns).

Kniotic the Insei (Demonspawn Monk)                 Turns: 1962, Time: 00:02:25

Health: 0/29       AC:  7    Str: 11    XL:     3   Next: 33%
Magic:  3/3        EV: 11    Int: 11    God:
Gold:   41         SH:  0    Dex: 17    Spells: 2/2 levels left

rFire   . . .      SeeInvis .     - Unarmed
rCold   . . .      Faith    .   (no shield)
rNeg    . . .      Spirit   .   j - +0 ring mail
rPois   .          Reflect  .   (no helmet)
rElec   .          Harm     .   (no cloak)
rCorr   .          Rampage  .   (no gloves)
Will    .....                   i - +0 pair of boots
Stlth   +.........              (no amulet)
HPRegen 0.09/turn               (no ring)
MPRegen 0.08/turn               (no ring)

@: no status effects
A: sharp scales 1
a: no special abilities


You were on level 2 of the Dungeon.
You visited 1 branch of the dungeon, and saw 2 of its levels.

You collected 41 gold pieces.

Inventory:

Armour
 i - a +0 pair of boots (worn)
 j - a +0 ring mail (worn)
Scrolls
 a - a scroll of teleportation {unknown}
 c - 3 scrolls of identify {unknown}
 k - a scroll of enchant weapon {unknown}
Potions
 b - 2 potions of ambrosia
 d - 3 potions of degeneration {unknown}
 e - a potion of magic {unknown}
 f - 2 potions of might {unknown}
 g - a potion of lignification {unknown}
 h - 3 potions of berserk rage {unknown}


   Skills:
 - Level 3.0 Fighting
 - Level 2.6 Dodging
 - Level 1.7 Stealth
 + Level 4.0 Unarmed Combat


You had 2 spell levels left.
You didn't know any spells.
Your spell library was empty.

Dungeon Overview and Level Annotations

Branches:
Dungeon (2/15)

Altars:

Shops:
D:1 *


Innate Abilities, Weirdness & Mutations

You are partially covered in razor-sharp scales. (AC +1, Slay +1)


Message History

A gnoll comes into view. It is wielding a +0 flail.
The gnoll shouts!
A gnoll comes into view. It is wielding a +0 halberd.
The gnoll shouts!
A gnoll comes into view. It is wielding a +0 whip.
The kobold hits you but does no damage.
You hit the kobold.
You kill the kobold!
A rat comes into view.
The gnoll barely misses you.
You see here a +0 club.
The gnoll throws a throwing net.
The throwing net closely misses you. The rat bites you but does no damage.
The gnoll attacks as you move away! The gnoll closely misses you.
There is an open door here.
The gnoll attacks as you move away! The gnoll barely misses you.
You closely miss the gnoll. The gnoll barely misses you. The gnoll misses you.
You hit the gnoll but do no damage. Your punch misses the gnoll.
The gnoll barely misses you. The gnoll hits you but does no damage.
The rat twitches its whiskers.
You hit the gnoll.
The gnoll is heavily wounded.
You barely miss the gnoll.
The gnoll is heavily wounded.
The gnoll hits you with a +0 flail. The gnoll closely misses you.
You closely miss the gnoll.
The gnoll is heavily wounded.
The gnoll closely misses you.
The gnoll hits you from afar with a +0 halberd!
You hit the gnoll but do no damage. You punch the gnoll.
The gnoll is heavily wounded.
The gnoll closely misses you.
The gnoll hits you from afar with a +0 halberd!
* * * LOW HITPOINT WARNING * * *
The gnoll attacks as you move away! The gnoll closely misses you.
The gnoll attacks as you move away! The gnoll hits you with a +0 flail.
* * * LOW HITPOINT WARNING * * *
The gnoll attacks as you move away! The gnoll hits you but does no damage.
The gnoll attacks as you move away! The gnoll hits you with a +0 flail.
You die...

##############
###################.............
#........g.r.gg@..#.############
#.###############.#.# ## ##.#
... .........#.# ..# .#r##....
.........#.#...#
..(.............†........#
.....#####........#......#
.....# ........#......# ........
.########......#.... ..
......... .......#...##..


You could see 3 gnolls and a rat.

Vanquished Creatures
  An adder (D:2)
  A dart slug (D:1)
  A ball python (D:2)
  5 endoplasms
  2 giant cockroaches (D:1)
  A goblin (D:1)
  3 hobgoblins
  2 jackals (D:2)
  4 quokkas
  3 bats (D:1)
  A frilled lizard (D:1)
  2 kobolds
26 creatures vanquished.

Notes
Turn   | Place    | Note
-------+----------+-------------------------------------------
     0 | D:1      | Kniotic the Demonspawn Monk began the quest for the Orb.
     0 | D:1      | Reached XP level 1. HP: 18/18 MP: 1/1
    98 | D:1      | Reached skill level 3 in Unarmed Combat
   219 | D:1      | Found Fotwyt's General Store.
   342 | D:1      | Gained mutation: You are partially covered in razor-sharp
                  | scales. (AC +1, Slay +1) [demonic ancestry]
   342 | D:1      | Reached XP level 2. HP: 19/24 MP: 2/2
  1502 | D:2      | Reached XP level 3. HP: 10/29 MP: 3/3
  1663 | D:2      | Reached skill level 4 in Unarmed Combat
  1962 | D:2      | Slain by a gnoll

Illustrated notes

Levels and vault maps discovered:
D:1:      minmay_arrival_solitary_statue, layout_basic, serial_shops, shop,
          minivault_27
D:2:      layout_basic, minmay_misc_feat_rugged, grunt_ministairs_7

Skill      XL: |  1  2  3 |
---------------+----------+-----
Unarmed Combat | 3 4 |  4.0
Fighting       | |  3.0
Dodging        | |  2.6
Stealth        | |  1.7

Action                   || total
-------------------------++-------
Melee: Unarmed           ||    91
       Punch             ||     3
 Stab: Sleeping          ||     1
Armor: Robe              ||    16
       Ring mail         ||    10
Dodge: Dodged            ||    72
